 Dungeon Crawl Stone Soup version 0.31-a0-848-gaac375c287 (webtiles) character file.

Game seed: 2131766596398181532

116 croobank the Covert (level 5, -1/47 HPs)
             Began as a Gnoll Delver on Oct 4, 2023.
             Succumbed to a water moccasin's poison
             ... in a sewer.
             The game lasted 00:03:32 (385 turns).

croobank the Covert (Gnoll Delver)                   Turns: 385, Time: 00:03:32

Health: -1/47      AC:  3    Str: 12    XL:     5   Next: 0%
Magic:  7/7        EV: 13    Int: 11    God:
Gold:   16         SH:  0    Dex: 13    Spells: 6/6 levels left

rFire   . . .        a - +0 short sword
rCold   . . .        (no shield)
rNeg    . . .        b - +0 leather armour
rPois   .            (no helmet)
rElec   .            (no cloak)
rCorr   .            (no gloves)
SInv    .            (no boots)
Will    .....        (no amulet)
Stlth   ++++         (no ring)
HPRegen 0.27/turn    (no ring)
MPRegen 0.10/turn

%: no passive effects
@: lethally poisoned (-1 -> -17), hasted, very quick
A: fangs 1, strong nose, distributed training
a: no special abilities


You were in a sewer.
You visited 1 branch of the dungeon, and saw 2 of its levels.
You also visited: Sewer.

You collected 16 gold pieces.

Inventory:

Hand Weapons
 a - a +0 short sword (weapon)
Armour
 b - a +0 leather armour (worn)
Jewellery
 e - a ring of see invisible
Wands
 g - a wand of digging (1)
Scrolls
 c - a scroll of fog
 d - a scroll of revelation
 i - a scroll of teleportation
Potions
 f - a potion of haste


   Skills:
 + Level 6.6 Fighting
 + Level 4.7 Short Blades
 + Level 1.3 Long Blades
 + Level 1.3 Axes
 + Level 1.3 Maces & Flails
 + Level 1.3 Polearms
 + Level 1.3 Staves
 + Level 1.3 Ranged Weapons
 + Level 1.3 Throwing
 + Level 1.3 Armour
 + Level 4.7 Dodging
 + Level 9.6 Stealth
 + Level 1.3 Shields
 + Level 1.3 Unarmed Combat
 + Level 1.3 Spellcasting
 + Level 1.1 Conjurations
 + Level 1.1 Hexes
 + Level 1.1 Summonings
 + Level 1.1 Necromancy
 + Level 1.1 Translocations
 + Level 1.1 Transmutations
 + Level 1.1 Fire Magic
 + Level 1.1 Ice Magic
 + Level 1.1 Air Magic
 + Level 1.1 Earth Magic
 + Level 1.1 Poison Magic
 + Level 1.5 Invocations
 + Level 1.3 Evocations
 + Level 1.2 Shapeshifting


You had 6 spell levels left.
You didn't know any spells.
Your spell library contained the following spells:

 Spells                   Type           Power      Damage    Failure   Level
 Gell's Gravitas          Tloc           3%         N/A       58%         3
 Teleport Other           Tloc           3%         N/A       58%         3
 Dispersal                Tloc           1%         N/A       100%        6


Dungeon Overview and Level Annotations

Branches:
Dungeon (6/15)             Temple (0/1) D:5           Sewer (1/1)

Altars:


Innate Abilities, Weirdness & Mutations

You have very sharp teeth.
Your uncanny sense of smell can sniff out nearby items.
Your experience applies equally to all skills.


Message History

As you read the scroll labelled BIAFEMA LUIMUI, it crumbles to dust.
You feel strangely unstable.
It was a scroll of teleportation.
You feel very sick. The water moccasin barely misses you.
You feel very sick.
You feel very sick.
You feel very sick.
You enter the shallow water.
Moving in this stuff is going to be slow.
You feel sick.
Your surroundings seem slightly different.
Found a scroll of teleportation.
You feel very sick.
As you read the scroll of teleportation, it crumbles to dust.
You feel strangely unstable.
You feel sick.
You feel sick.
The water moccasin attacks as it pursues you!
The water moccasin bites you.
* * * LOW HITPOINT WARNING * * *
You feel sick.
You feel sick.
You see here a There-And-Back Book.
You pick up a There-And-Back Book and begin reading...
You add the spells Gell's Gravitas, Teleport Other and Dispersal to your library.
Your surroundings suddenly seem different.
You feel sick.
You feel sick.
You feel sick.
You feel sick.
You feel sick.
You feel sick.
You enter the shallow water.
Moving in this stuff is going to be slow.
You feel sick.
You are no longer poisoned.
The water moccasin bites you.
* * * LOW HITPOINT WARNING * * *
You are lethally poisoned!
The water moccasin poisons you!
You die...

### #~# ########
#~###### #
###......###
##~##...#
####.....~~~~.###
#.~.#.∩.#
##~..~.####..~..###
#.~...∩.# ..~~.###
###~S.~.###~~.....#
~..~##
##~.~.~...~######
~....###
###.~.@.###.~.....#
##~..~.####..~..###
#.~.....#
###.......~~.###
#.~.....#
###.~..~.###
##~#....# ########
#~##...# #~##...#
#~###.## ####..#
#..#


You could see a water moccasin.

Vanquished Creatures
  A water moccasin (D:6)
  2 worms (D:5)
  An orc (D:6)
  A jackal (Sewer)
5 creatures vanquished.

Notes
Turn   | Place    | Note
-------+----------+-------------------------------------------
     0 | D:5      | Reached skill level 9 in Stealth
     0 | D:5      | croobank the Gnoll Delver began the quest for the Orb.
     0 | D:5      | Reached XP level 1. HP: 23/23 MP: 1/1
    12 | D:6      | Noticed a water moccasin
    14 | D:6      | Killed a water moccasin
    15 | D:6      | Reached skill level 1 in Long Blades
    15 | D:6      | Reached skill level 1 in Axes
    15 | D:6      | Reached skill level 1 in Maces & Flails
    15 | D:6      | Reached skill level 1 in Polearms
    15 | D:6      | Reached skill level 1 in Staves
    15 | D:6      | Reached skill level 1 in Ranged Weapons
    15 | D:6      | Reached skill level 1 in Throwing
    15 | D:6      | Reached skill level 1 in Armour
    15 | D:6      | Reached skill level 1 in Shields
    15 | D:6      | Reached skill level 1 in Unarmed Combat
    15 | D:6      | Reached skill level 1 in Spellcasting
    15 | D:6      | Reached skill level 1 in Conjurations
    15 | D:6      | Reached skill level 1 in Hexes
    15 | D:6      | Reached skill level 1 in Summonings
    15 | D:6      | Reached skill level 1 in Necromancy
    15 | D:6      | Reached skill level 1 in Translocations
    15 | D:6      | Reached skill level 1 in Transmutations
    15 | D:6      | Reached skill level 1 in Fire Magic
    15 | D:6      | Reached skill level 1 in Ice Magic
    15 | D:6      | Reached skill level 1 in Air Magic
    15 | D:6      | Reached skill level 1 in Earth Magic
    15 | D:6      | Reached skill level 1 in Poison Magic
    15 | D:6      | Reached skill level 1 in Invocations
    15 | D:6      | Reached skill level 1 in Evocations
    15 | D:6      | Reached skill level 1 in Shapeshifting
    15 | D:6      | Reached XP level 2. HP: 29/29 MP: 1/3
    15 | D:6      | Reached XP level 3. HP: 35/35 MP: 1/4
    15 | D:6      | Reached XP level 4. HP: 41/41 MP: 1/5
   145 | D:5      | Found a glowing drain.
   265 | Sewer    | Entered a sewer
   282 | Sewer    | Reached XP level 5. HP: 47/47 MP: 5/7
   350 | Sewer    | Noticed a water moccasin
   379 | Sewer    | HP: 2/47 [poisoned by a water moccasin]
   384 | Sewer    | HP: 1/47 [water moccasin (1)]
   385 | Sewer    | Succumbed to a water moccasin's poison

Illustrated notes

Levels and vault maps discovered:
D:5:      layout_loops_ring, minmay_temple_entry_waves,
          cheibrodos_sewer_entry_bend
D:6:      layout_basic, gammafunk_ghost_nasty_kobolds, small_statue_alley_b
Sewer:    sewer_the_moccasin

Skill      XL: |  1 |
---------------+----+-----
Stealth        | |  9.6
Long Blades    | 1 |  1.3
Axes           | 1 |  1.3
Maces & Flails | 1 |  1.3
Polearms       | 1 |  1.3
Staves         | 1 |  1.3
Ranged Weapons | 1 |  1.3
Throwing       | 1 |  1.3
Armour         | 1 |  1.3
Shields        | 1 |  1.3
Unarmed Combat | 1 |  1.3
Spellcasting   | 1 |  1.3
Conjurations   | 1 |  1.1
Hexes          | 1 |  1.1
Summonings     | 1 |  1.1
Necromancy     | 1 |  1.1
Translocations | 1 |  1.1
Transmutations | 1 |  1.1
Fire Magic     | 1 |  1.1
Ice Magic      | 1 |  1.1
Air Magic      | 1 |  1.1
Earth Magic    | 1 |  1.1
Poison Magic   | 1 |  1.1
Invocations    | 1 |  1.5
Evocations     | 1 |  1.3
Shapeshifting  | 1 |  1.2
Fighting       | |  6.6
Short Blades   | |  4.7
Dodging        | |  4.7

Action                     |  1- 3 |  4- 6 || total
---------------------------+-------+-------++-------
  Melee: Short sword       |     1 |    45 ||    46
         Bite              |       |     3 ||     3
         Punch             |       |     2 ||     2
  Evoke: Wand              |       |     2 ||     2
    Use: Scroll            |       |     4 ||     4
         Potion            |       |     2 ||     2
   Stab: Sleeping          |     1 |     1 ||     2
 Armour: Leather armour    |       |    17 ||    17
  Dodge: Dodged            |       |    19 ||    19

Table legend: (Time is in decaauts)
 A = Elapsed time spent in this place.
 B = Non-inter-level travel time spent in this place.
 C = Inter-level travel time spent in this place.
 D = Time resting spent in this place.
 E = Time spent auto-exploring this place.
 F = Levels seen in this place.
 G = Mean time per level.
                   A        B        C        D        E       F      G
               +--------+--------+--------+--------+--------+-----+--------+
         Total |    377 |    377 |      0 |    145 |     35 |   3 |  125.7 |
       Dungeon |    264 |    264 |      0 |    122 |      0 |   2 |  132.0 |
         Sewer |    112 |    112 |      0 |     23 |     35 |   1 |  112.0 |
               +--------+--------+--------+--------+--------+-----+--------+

Top non-repeatable levels by time:
     D:5: 186 daAuts
   Sewer: 112 daAuts
     D:6: 78 daAuts
